 Dungeon Crawl Stone Soup version 0.24.0-7-gb3623d2c88 (webtiles) character file.

Game seed: 10151664850573076460, levelgen mode: deterministic

17564 mortelune the Fencer (level 12, -6/113 HPs)
             Began as a Minotaur Monk on Nov 3, 2019.
             Was a High Priest of Okawaru.
             Killed from afar by an ice statue (12 damage)
             ... with a bolt of cold
             ... in an ice cave.
             The game lasted 00:30:44 (13953 turns).

mortelune the Fencer (Minotaur Monk)               Turns: 13953, Time: 00:30:44

Health: -6/113     AC: 22    Str: 19    XL:     12   Next: 20%
Magic:  11/11      EV:  7    Int:  9    God:    Okawaru [*****.]
Gold:   521        SH:  4    Dex: 15    Spells: 11/11 levels left

rFire    + . .     SeeInvis .   I - +9 long sword "Zoggeor" {slice, Int+2}
rCold    + . .     Gourm    .   g - +0 buckler
rNeg     . . .     Faith    .   K - +0 plate armour
rPois    +         Spirit   .   (helmet restricted)
rElec    +         Reflect  .   M - +0 cloak (curse)
rCorr    +         Harm     .   y - +0 pair of gloves
MR       .....                  (no boots)
Stlth    ..........             (no amulet)
HPRegen  0.28/turn              z - +4 ring of protection
MPRegen  0.12/turn              C - ring of stealth

@: resistant
A: retaliatory headbutt, horns 2
a: Heroism, Finesse, Renounce Religion


You were in an ice cave.
You worshipped Okawaru.
Okawaru was extremely pleased with you.
You were not hungry.

You visited 3 branches of the dungeon, and saw 14 of its levels.
You also visited: Ice Cave.

You collected 521 gold pieces.

Inventory:

Hand Weapons
 a - a +0 falchion
 p - a +4 great sword of electrocution
 s - a +0 morningstar
 x - a +1 flail of holy wrath
 F - a +2 whip of electrocution
 H - a +4 scimitar
 I - the +9 long sword "Zoggeor" (weapon) {slice, Int+2}
   (Okawaru gifted it to you on level 3 of the Lair of Beasts)

   It inflicts extra damage upon your enemies.
   It affects your intelligence (+2).
Armour
 g - a +0 buckler (worn)
 i - a +0 cloak
 y - a +0 pair of gloves (worn)
 D - a +2 leather armour of poison resistance
 K - a +0 plate armour (worn)
 M - a cursed +0 cloak (worn)
Jewellery
 z - a +4 ring of protection (left hand)
 C - a ring of stealth (right hand)
Wands
 f - a wand of scattershot (6)
 j - a wand of polymorph (11)
 B - a wand of digging (3)
Scrolls
 b - 3 scrolls of remove curse
 d - a scroll of noise
 e - 2 scrolls of fog
 h - 4 scrolls of identify
 q - a scroll of magic mapping
 r - a scroll of enchant armour
 t - a scroll of brand weapon {unknown}
 A - 2 scrolls of teleportation
 E - 2 scrolls of immolation
Potions
 k - 2 potions of lignification
 m - 2 potions of haste
 n - 2 potions of ambrosia
 o - a potion of magic
 u - a potion of might {unknown}
 v - 3 potions of curing
 G - 4 potions of mutation {unknown}
 L - a potion of brilliance {unknown}
Comestibles
 c - 27 rations
 J - 13 chunks of flesh


   Skills:
 + Level 12.3 Fighting
 * Level 15.7 Long Blades
 + Level 11.8 Armour
 - Level 3.2 Dodging
 - Level 4.0 Stealth
 * Level 0.7 Shields


You had 11 spell levels left.
You didn't know any spells.
Your spell library contained the following spells:

 Spells                   Type           Power        Failure   Level  Hunger
 Corona                   Hex            #......      100%        1    ##.....
 Flame Tongue             Conj/Fire      #....        100%        1    ##.....
 Sandblast                Erth           #.....       100%        1    ##.....
 Shock                    Conj/Air       #...         100%        1    ##.....
 Summon Small Mammal      Summ           #...         100%        1    ##.....
 Call Imp                 Summ           #.......     100%        2    ###....
 Passwall                 Tmut/Erth      #.......     100%        2    ###....
 Slow                     Hex            #.......     100%        2    ###....
 Swiftness                Chrm/Air       #.......     100%        2    ###....
 Throw Flame              Conj/Fire      #.....       100%        2    ###....
 Call Canine Familiar     Summ           #.......     100%        3    ####...
 Conjure Flame            Conj/Fire      #.......     100%        3    ####...
 Inner Flame              Hex/Fire       #.......     100%        3    ####...
 Portal Projectile        Hex/Tloc       #.....       100%        3    ####...
 Static Discharge         Conj/Air       #.......     100%        3    ####...
 Stone Arrow              Conj/Erth      #.....       100%        3    ####...
 Summon Guardian Golem    Hex/Summ       #.......     100%        3    ####...
 Airstrike                Air            #.........   100%        4    #####..
 Cause Fear               Hex            #.........   100%        4    #####..
 Leda's Liquefaction      Hex/Erth       #.........   100%        4    #####..
 Petrify                  Tmut/Erth      #.......     100%        4    #####..
 Sticky Flame             Conj/Fire      #.......     100%        4    #####..
 Summon Ice Beast         Ice/Summ       #.......     100%        4    #####..
 Summon Lightning Spire   Summ/Air       #.......     100%        4    #####..
 Fireball                 Conj/Fire      #.........   100%        5    ######.
 Lee's Rapid Deconstruct  Erth           #.........   100%        5    ######.
 Lightning Bolt           Conj/Air       #.........   100%        5    ######.


Dungeon Overview and Level Annotations

Branches:
Dungeon (10/15)            Temple (1/1) D:7            Lair (3/6) D:8
  Snake (0/4) Lair:3          Orc (0/2) D:9           IceCv (1/1)
  Swamp: Lair:2-4    Shoals: Lair:2-4

Altars:
Ashenzari
Cheibriados
Dithmenos
Elyvilon
Fedhas
Gozag
Hepliaklqana
Kikubaaqudgha
Makhleb
Nemelex Xobeh
Okawaru
Qazlal
Ru
Sif Muna
Trog
Uskayaw
Vehumet
Wu Jian
Xom
Yredelemnul
Zin
The Shining One

Shops:
D:7 (

Annotations:
IceCv 1 transporter, exclusion: 2 ice statues


Innate Abilities, Weirdness & Mutations

You reflexively headbutt those who attack you in melee.
You have a pair of horns on your head.


Message History

The ice beast hits you but does no damage.
You feel better.
You are engulfed in freezing vapours.
You resist.
Your surroundings seem slightly different.
The ice statue gestures at you.
The bolt of cold hits the ice beast.
The ice beast completely resists.
The bolt of cold hits you but does no damage.
The ice statue gestures at you. The shard of ice hits you!
You partially resist.
* * * LOW HITPOINT WARNING * * *
You feel better. The ice statue gestures at you.
The freezing blast engulfs the ice beast.
The ice beast completely resists.
The ice statue gestures at you.
The freezing blast engulfs you but does no damage.
You are engulfed in freezing vapours.
You resist.
* * * LOW HITPOINT WARNING * * *
The ice statue gestures at you. The bolt of cold hits you! You resist.
You die...

#...8.}.8§§.#
##...§§§§§§§§##
#....§§§§.....#
#....8§§.8.°..#
#........°○...#
#...☼○☼Y....##
#.§☼Y§○Y....#
#.☼☼Y§Y.....#
##§§@Y○....##
##...☼...##
##.....##
#######


You could see 2 ice statues and 6 ice beasts.

Vanquished Creatures
  A hydra (Lair:3)
  3 death yaks
  2 ugly things (IceCv)
  Joseph (D:7)
  3 elephants
  A black mamba (Lair:3)
  3 spiny frogs
  A gargoyle (D:10)
  A torpor snail (Lair:2)
  2 rime drakes
  2 komodo dragons
  7 hippogriffs
  Sigmund (D:3)
  13 yaks
  2 wyverns
  2 basilisks
  5 water moccasins
  2 porcupines
  Duvessa (D:7)
  A black bear (D:8)
  2 orc warriors (D:9)
  8 ice beasts
  A sky beast (D:7)
  2 necrophages
  A phantom (D:9)
  3 ogres
  An eye of draining (D:10)
  7 centaurs
  4 crocodiles
  A big kobold (D:9)
  10 bullfrogs
  A gnoll sergeant (D:4)
  Dowan (D:7)
  A water moccasin skeleton (D:6)
  3 scorpions
  7 killer bees (D:10)
  3 howler monkeys
  7 wights
  2 crimson imps
  6 hounds
  A quasit (D:10)
  2 jellies (D:6)
  2 centaur skeletons
  6 orc priests
  Jessica (D:2)
  Natasha (thrice) (D:4)
  6 iguanas
  5 orc wizards
  7 worker ants
  A hound zombie (D:10)
  3 hound skeletons
  A howler monkey zombie (D:6)
  2 gnolls (D:4)
  9 adders
  2 shadow imps
  An ooze (D:7)
  An adder zombie (D:9)
  2 worms (D:3)
  A dart slug (D:3)
  4 leopard geckos
  31 orcs
  A giant cockroach (D:7)
  8 goblins
  11 hobgoblins
  6 jackals
  4 quokkas
  7 bats
  9 frilled lizards
  A jackal skeleton (D:6)
  13 kobolds
  A leopard gecko skeleton (D:4)
  A quokka skeleton (D:4)
  4 rats
282 creatures vanquished.

Vanquished Creatures (others)
  2 fungi
2 creatures vanquished.

Grand Total: 284 creatures vanquished

Notes
Turn   | Place    | Note
-------+----------+-------------------------------------------
     0 | D:1      | mortelune the Minotaur Monk began the quest for the Orb.
     0 | D:1      | Reached XP level 1. HP: 19/19 MP: 0/0
   204 | D:1      | Reached XP level 2. HP: 24/27 MP: 1/1
   304 | D:1      | Reached skill level 1 in Armour
   815 | D:1      | Reached skill level 4 in Long Blades
  1122 | D:2      | Reached XP level 3. HP: 23/33 MP: 2/2
  1564 | D:2      | Noticed Jessica
  1577 | D:2      | Killed Jessica
  1577 | D:2      | Reached XP level 4. HP: 41/41 MP: 3/3
  2179 | D:3      | Reached XP level 5. HP: 47/47 MP: 4/4
  2633 | D:3      | Noticed Sigmund
  2642 | D:3      | Killed Sigmund
  2642 | D:3      | Reached skill level 5 in Fighting
  2642 | D:3      | Reached skill level 5 in Long Blades
  2642 | D:3      | Reached XP level 6. HP: 47/56 MP: 5/5
  3226 | D:4      | Noticed Natasha
  3228 | D:4      | Killed Natasha
  3282 | D:4      | Noticed Natasha
  3285 | D:4      | Killed Natasha
  3592 | D:4      | Noticed Natasha
  3599 | D:4      | Killed Natasha
  3613 | D:4      | Reached XP level 7. HP: 32/62 MP: 6/6
  4401 | D:5      | Entered Level 5 of the Dungeon
  4670 | D:5      | Found a sparkling altar of Nemelex Xobeh.
  4673 | D:5      | Found a shimmering altar of Xom.
  4676 | D:5      | Found a glowing golden altar of the Shining One.
  4679 | D:5      | Found a white marble altar of Elyvilon.
  4728 | D:5      | Reached skill level 6 in Long Blades
  5280 | D:5      | Reached skill level 5 in Armour
  5750 | D:6      | Reached skill level 7 in Long Blades
  5798 | D:6      | Reached XP level 8. HP: 39/71 MP: 7/7
  6406 | D:6      | Reached skill level 8 in Long Blades
  6785 | D:6      | Found a hazy altar of Hepliaklqana.
  6870 | D:6      | Reached skill level 9 in Long Blades
  7283 | D:7      | Reached XP level 9. HP: 81/81 MP: 8/8
  7300 | D:7      | Found a staircase to the Ecumenical Temple.
  7338 | Temple   | Entered the Ecumenical Temple
  7433 | Temple   | Became a worshipper of Warmaster Okawaru
  7433 | Temple   | Reached * piety under Okawaru
  7433 | Temple   | Reached ** piety under Okawaru
  7469 | D:7      | Noticed Joseph
  7486 | D:7      | Killed Joseph
  7486 | D:7      | Reached skill level 10 in Long Blades
  7713 | D:7      | Found Kaseos's Antique Weapon Emporium.
  7753 | D:7      | Noticed Duvessa
  7753 | D:7      | Noticed Dowan
  7766 | D:7      | Killed Duvessa
  7776 | D:7      | Killed Dowan
  8382 | D:8      | Reached *** piety under Okawaru
  8523 | D:8      | Noticed a death yak
  8605 | D:8      | Reached skill level 11 in Long Blades
  9225 | D:8      | Found a staircase to the Lair.
  9244 | D:8      | Reached XP level 10. HP: 91/91 MP: 9/9
  9349 | D:8      | Killed a death yak
  9591 | D:8      | Reached skill level 12 in Long Blades
  9624 | D:8      | Found a shadowy altar of Dithmenos.
  9882 | D:9      | Reached **** piety under Okawaru
  9946 | D:9      | Reached skill level 10 in Fighting
 10100 | D:9      | Found a staircase to the Orcish Mines.
 10476 | D:10     | Entered Level 10 of the Dungeon
 10532 | D:10     | Noticed a gargoyle
 10541 | D:10     | Killed a gargoyle
 10565 | D:10     | Reached skill level 13 in Long Blades
 10945 | D:10     | Reached ***** piety under Okawaru
 11108 | D:10     | Reached skill level 10 in Armour
 11457 | Lair:1   | Entered Level 1 of the Lair of Beasts
 11531 | Lair:1   | Noticed a spiny frog
 11538 | Lair:1   | Killed a spiny frog
 11559 | Lair:1   | Reached XP level 11. HP: 101/101 MP: 10/10
 12271 | Lair:2   | Noticed a death yak
 12272 | Lair:2   | Noticed a death yak
 12293 | Lair:2   | Killed a death yak
 12299 | Lair:2   | Killed a death yak
 12299 | Lair:2   | Reached skill level 14 in Long Blades
 12302 | Lair:2   | Received a gift from Okawaru
 13302 | Lair:3   | Received a gift from Okawaru
 13307 | Lair:3   | Reached skill level 15 in Long Blades
 13315 | Lair:3   | Got a brightly glowing long sword {god gift}
 13316 | Lair:3   | Identified the +9 long sword "Zoggeor" {slice, Int+2}
                  | (Okawaru gifted it to you on level 3 of the Lair of Beasts)
 13366 | Lair:3   | Noticed a six-headed hydra
 13706 | Lair:3   | Killed a six-headed hydra
 13706 | Lair:3   | Reached XP level 12. HP: 84/112 MP: 3/11
 13758 | Lair:3   | Found a frozen archway.
 13765 | IceCv    | Entered an ice cave
 13786 | IceCv    | Found a transporter.
 13937 | IceCv    | Found a transporter.
 13950 | IceCv    | HP: 5/113 [ice statue] (12)]
 13951 | IceCv    | HP: 1/113 [ice statue/shard of ice (10)]
 13953 | IceCv    | Killed from afar by an ice statue

Levels and vault maps discovered:
D:1:      dpeg_arrival_water_temple_mockup, layout_loops_ring,
          chequers_serial_rivers_micro_a, hangedman_glass_garden,
          solitary_fountain
D:2:      layout_loops_ring, uniq_jessica
D:3:      layout_loops_ring, uniq_sigmund
D:4:      layout_cave_pods, portal_sewer_entry_d, uniq_natasha
D:5:      layout_loops_corners, grunt_temple_overflow_cloverleaf, first_ration
D:6:      layout_basic, marbit_many_paths, chequers_serial_rivers_micro_a,
          grunt_tough_drop
D:7:      layout_loops_ring, minmay_temple_entry_arrows, serial_rivers,
          chequers_serial_rivers_small_b, chequers_serial_rivers_micro_a,
          chequers_serial_rivers_micro_c, chequers_serial_rivers_micro_e,
          chequers_serial_rivers_micro_a, serial_shops, shop, uniq_duvessa,
          uniq_joseph
D:8:      layout_loops_ring, lemuel_crystal_altar, david_lair_generic,
          grunt_ogre_cave, hangedman_decor_riveting
D:9:      layout_basic, orc_0_dummy
D:10:     layout_roguey
Temple:   nicolae_temple_x_marks_the_god
Lair:1:   layout_hall_layers
Lair:2:   layout_hall_layers, patterned_corridor
Lair:3:   layout_long_grid, dummy_snake_entry, portal_ice_cave_entry_pillars_1,
          grunt_megastairs_5
IceCv:    ice_cave_statue_garden_transporter

Skill      XL: |  1  2  3  4  5  6  7  8  9 10 11 |
---------------+----------------------------------+-----
Armour         | 1 2 3 4 5 6 8 10 11 | 11.8
Stealth        | 2 3 4 |  4.0
Fighting       | 4 5 6 7 9 10 12 | 12.3
Long Blades    | 4 5 7 9 11 13 15 | 15.7
Dodging        | |  3.2
Shields        | |  0.7

Action                   |  1- 3 |  4- 6 |  7- 9 | 10-12 || total
-------------------------+-------+-------+-------+-------++-------
Melee: Falchion          |    88 |   151 |   443 |       ||   682
       Headbutt          |     9 |    41 |   137 |   104 ||   291
       Scimitar          |       |       |    11 |   247 ||   258
       Punch             |       |       |     2 |     2 ||     4
       Great sword       |       |       |       |    67 ||    67
       Long sword        |       |       |       |    74 ||    74
       Whip              |       |       |       |    10 ||    10
Invok: Heroism           |       |       |     4 |    10 ||    14
       Finesse           |       |       |       |     2 ||     2
Evoke: Wand              |       |     3 |     1 |       ||     4
  Use: Scroll            |       |     9 |     7 |     8 ||    24
       Potion            |       |     3 |     1 |     5 ||     9
 Stab: Sleeping          |     4 |       |       |       ||     4
       Invisible         |       |       |       |     6 ||     6
  Eat: Chunk             |     2 |     4 |    11 |    15 ||    32
       Ration            |       |     1 |     2 |       ||     3
Armor: Robe              |    18 |       |       |       ||    18
       Chain mail        |     2 |    91 |   248 |    29 ||   370
       Plate armour      |       |       |       |   270 ||   270
Dodge: Dodged            |    53 |    73 |   139 |   150 ||   415
Block: Buckler           |       |       |       |     3 ||     3
       Rpst.: Falchion   |    16 |    25 |    44 |       ||    85
       Scimitar          |       |       |     1 |    31 ||    32
       Great sword       |       |       |       |     9 ||     9
       Long sword        |       |       |       |    11 ||    11
